 Dungeon Crawl Stone Soup version 0.28.0-53-g5a82cb258f (webtiles) character file.

Game seed: 14891511225366086967

44 PhantomBowie the Blocker (level 3, 0/25 HPs)
             Began as a Gnoll Wanderer on June 15, 2022.
             Slain by an adder (4 damage)
             ... on level 2 of the Dungeon.
             The game lasted 00:04:53 (1989 turns).

PhantomBowie the Blocker (Gnoll Wanderer)           Turns: 1989, Time: 00:04:53

Health: 0/25       AC:  2    Str: 11    XL:     3   Next: 62%
Magic:  7/7        EV: 12    Int:  9    God:
Gold:   101        SH: 13    Dex: 15    Spells: 7/7 levels left

rFire   . . .      SeeInvis .   f - +0 whip
rCold   . . .      Faith    .   b - +2 buckler
rNeg    . . .      Spirit   .   d - +0 robe
rPois   .          Reflect  +   (no helmet)
rElec   .          Harm     .   (no cloak)
rCorr   .          Rampage  .   (no gloves)
Will    .....                   (no boots)
Stlth   ++........              m - amulet of reflection
HPRegen 0.08/turn               (no ring)
MPRegen 0.10/turn               (no ring)

@: no status effects
A: fangs 1, strong nose, distributed training
a: no special abilities


You were on level 2 of the Dungeon.
You visited 1 branch of the dungeon, and saw 2 of its levels.

You collected 101 gold pieces.

Inventory:

Hand Weapons
 a - a +0 falchion
 f - a +0 whip (weapon)
Armour
 b - a +2 buckler (worn)
 d - a +0 robe (worn)
Jewellery
 m - an amulet of reflection (around neck)
Scrolls
 e - a scroll of vulnerability {unknown}
 h - a scroll of teleportation {unknown}
 i - a scroll of identify {unknown}
 k - a scroll of immolation
 l - a scroll of holy word {unknown}
Potions
 g - a potion of mutation {unknown}
 j - 2 potions of attraction {unknown}
Miscellaneous
 c - a piece from Xom's chessboard (15/15) (quivered)


   Skills:
 + Level 0.9 Fighting
 + Level 0.9 Short Blades
 + Level 2.6 Long Blades
 + Level 0.9 Axes
 + Level 0.9 Maces & Flails
 + Level 0.9 Polearms
 + Level 0.9 Staves
 + Level 0.9 Slings
 + Level 0.9 Bows
 + Level 0.9 Crossbows
 + Level 0.9 Throwing
 + Level 0.9 Armour
 + Level 2.6 Dodging
 + Level 0.9 Stealth
 + Level 8.5 Shields
 + Level 0.9 Unarmed Combat
 + Level 2.8 Spellcasting
 + Level 0.6 Conjurations
 + Level 0.6 Hexes
 + Level 0.6 Summonings
 + Level 0.6 Necromancy
 + Level 0.6 Translocations
 + Level 0.6 Transmutations
 + Level 0.6 Fire Magic
 + Level 0.6 Ice Magic
 + Level 0.6 Air Magic
 + Level 0.6 Earth Magic
 + Level 0.6 Poison Magic
 + Level 1.0 Invocations
 + Level 6.5 Evocations


You had 7 spell levels left.
You didn't know any spells.
Your spell library was empty.

Dungeon Overview and Level Annotations

Branches:
Dungeon (2/15)

Altars:


Innate Abilities, Weirdness & Mutations

You have very sharp teeth.
Your uncanny sense of smell can sniff out nearby items.
Your experience applies equally to all skills.


Message History

The adder is severely wounded.
You feel sick.
You are no longer poisoned.
The adder barely misses you.
You miss the adder. Your bite misses the adder.
The adder is severely wounded.
The adder misses you.
You closely miss the adder.
The adder is severely wounded.
You block the adder's attack. The adder bites you.
You are poisoned.
The adder poisons you!
You miss the adder. Your bite misses the adder.
The adder is severely wounded.
You feel sick. You block the adder's attack.
You barely miss the adder.
The adder is severely wounded.
You feel sick. You block the adder's attack. x2
You closely miss the adder.
The adder is severely wounded.
You feel sick. The adder closely misses you.
You miss the adder. You bite the adder, but do no damage.
The adder is severely wounded.
You feel sick. You block the adder's attack.
You hit the adder but do no damage.
The adder is severely wounded.
You feel sick. You block the adder's attack. The adder misses you.
You barely miss the adder.
The adder is severely wounded.
You feel sick.
You are no longer poisoned.
The adder misses you.
You hit the adder.
The adder is severely wounded.
The adder closely misses you. The adder bites you.
* * * LOW HITPOINT WARNING * * *
You closely miss the adder.
The adder is severely wounded.
The adder bites you.
You die...

#.# #.#
#.# ##
#.# ..
#.# .#
#.# .#
#.# .#
#.#####.#
#.....@#
#######S#
... ...#
...# ....
####. #.


You could see an adder.

Vanquished Creatures
  An adder (D:2)
  2 ball pythons
  6 endoplasms
  4 giant cockroaches
  4 goblins (D:1)
  A hobgoblin (D:2)
  4 jackals (D:1)
  A quokka (D:2)
  A bat (D:2)
  2 frilled lizards (D:1)
  4 rats
30 creatures vanquished.

Notes
Turn   | Place    | Note
-------+----------+-------------------------------------------
     0 | D:1      | PhantomBowie the Gnoll Wanderer began the quest for the
                  | Orb.
     0 | D:1      | PhantomBowie set off with the following items: a +0
                  | falchion, a +2 buckler, a piece from Xom's chessboard
                  | (15/15), a +0 robe
     0 | D:1      | Reached XP level 1. HP: 13/13 MP: 4/4
   518 | D:1      | Reached XP level 2. HP: 19/19 MP: 5/5
  1383 | D:2      | Reached XP level 3. HP: 22/25 MP: 7/7
  1458 | D:2      | Found a faded altar of an unknown god.
  1612 | D:2      | HP: 1/25 [adder (2)]
  1614 | D:2      | Reached skill level 1 in Invocations
  1989 | D:2      | Slain by an adder

Illustrated notes

Levels and vault maps discovered:
D:1:      dpeg_arrival_radiant, layout_basic
D:2:      layout_loops_ring, hellmonk_ecumenical_altar_blasted,
          hangedman_decor_opposing

Skill      XL: |  1  2  3 |
---------------+----------+-----
Invocations    | 1 |  1.0
Fighting       | |  0.9
Short Blades   | |  0.9
Long Blades    | |  2.6
Axes           | |  0.9
Maces & Flails | |  0.9
Polearms       | |  0.9
Staves         | |  0.9
Slings         | |  0.9
Bows           | |  0.9
Crossbows      | |  0.9
Throwing       | |  0.9
Armour         | |  0.9
Dodging        | |  2.6
Stealth        | |  0.9
Shields        | |  8.5
Unarmed Combat | |  0.9
Spellcasting   | |  2.8
Conjurations   | |  0.6
Hexes          | |  0.6
Summonings     | |  0.6
Necromancy     | |  0.6
Translocations | |  0.6
Transmutations | |  0.6
Fire Magic     | |  0.6
Ice Magic      | |  0.6
Air Magic      | |  0.6
Earth Magic    | |  0.6
Poison Magic   | |  0.6
Evocations     | |  6.5

Action                   || total
-------------------------++-------
Melee: Whip              ||   154
       Falchion          ||     9
       Bite              ||    16
Evoke: Piece from Xom's  ||     1
 Stab: Sleeping          ||     1
Armor: Robe              ||    16
Dodge: Dodged            ||    63
Block: Buckler           ||    64
